 Dungeon Crawl Stone Soup version 0.24.0-13-gcf9b319 (webtiles) character file.

Game seed: 12833841872984312238, levelgen mode: deterministic

207 sanboga the Shield-Bearer (level 5, 0/49 HPs)
             Began as a Deep Dwarf Fighter on Dec 16, 2019.
             Drowned by a drowned soul (1 damage)
             ... summoned by a malarious merfolk avatar
             ... in a sewer.
             The game lasted 00:05:56 (2608 turns).

sanboga the Shield-Bearer (Deep Dwarf Fighter)      Turns: 2608, Time: 00:05:57

Health: 0/49       AC:  8    Str: 20    XL:     5   Next: 54%
Magic:  5/5        EV:  7    Int:  9    God:
Gold:   187        SH: 10    Dex: 12    Spells: 4/4 levels left

rFire    + . .     SeeInvis .   a - +0 war axe
rCold    + . .     Gourm    .   c - +0 shield
rNeg     . . .     Faith    .   b - +0 scale mail
rPois    +         Spirit   .   (no helmet)
rElec    .         Reflect  .   n - scarf {rC+ rF+}
rCorr    .         Harm     .   (no gloves)
MR       .....                  j - +0 pair of boots
Stlth    ..........             (no amulet)
HPRegen  0.00/turn              m - ring of wizardry (curse)
MPRegen  0.09/turn              l - ring of poison resistance

@: mesmerised, non-regenerating, very slow
A: damage resistance, heal wounds, sense surroundings 1, no regeneration
a: Heal Wounds


You were in a sewer.
You were not hungry.

You visited 1 branch of the dungeon, and saw 4 of its levels.
You also visited: Sewer.

You collected 187 gold pieces.

Inventory:

Hand Weapons
 a - a +0 war axe (weapon)
Armour
 b - a +0 scale mail (worn)
 c - a +0 shield (worn)
 j - a +0 pair of boots (worn)
 n - a scarf of resistance (worn)
Jewellery
 l - a ring of poison resistance (right hand)
 m - a cursed ring of wizardry (left hand)
Scrolls
 e - 2 scrolls of identify
 g - 2 scrolls of remove curse
 h - 2 scrolls of teleportation
Potions
 d - a potion of might
 i - 5 potions of flight
 k - a potion of heal wounds
Comestibles
 f - 8 rations


   Skills:
 + Level 3.3 Fighting
 * Level 4.2 Axes
 + Level 4.1 Armour
 * Level 4.7 Shields


You had 4 spell levels left.
You didn't know any spells.
Your spell library was empty.

Dungeon Overview and Level Annotations

Branches:
Dungeon (4/15)              Sewer (1/1)
 Temple: D:4-7

Altars:
Kikubaaqudgha
Nemelex Xobeh
Qazlal
Ru
Sif Muna
Trog


Innate Abilities, Weirdness & Mutations

You are resistant to damage.
You can heal yourself by infusing magical energy.
You passively map a small area around you.
You do not regenerate.


Message History

The malarious merfolk avatar chants its luring song. x2
Your unstable footing causes you to fumble your attack.
You closely miss the malarious merfolk avatar.
The malarious merfolk avatar is lightly wounded.
You hit the drowned soul. You closely miss the drowned soul.
You miss the drowned soul.
The drowned soul returns to the deep!
You block the drowned soul's attack.
The malarious merfolk avatar chants its luring song.
You block the drowned soul's attack. x2
The malarious merfolk avatar chants its luring song.
Your unstable footing causes you to fumble your attack.
The drowned soul touches you. The drowned soul drowns you.
The drowned soul touches you. The drowned soul drowns you.
The malarious merfolk avatar chants its luring song.
You block the drowned soul's attack.
You closely miss the malarious merfolk avatar.
The malarious merfolk avatar is lightly wounded.
You slash the drowned soul! You hit the drowned soul.
The drowned soul touches you. The drowned soul drowns you.
You die...

≈ ≈ ≈ ≈ ≈≈
############### ≈ ≈≈ ≈
############### ≈
≈≈≈≈≈≈≈≈≈≈W≈≈≈≈ ≈
≈≈≈≈≈≈≈≈≈≈W≈≈≈ ≈
≈≈≈≈≈≈≈≈≈≈≈≈ * * *
#≈≈≈≈≈≈≈≈≈≈ +.≈Wm≈≈≈≈≈≈
≈ #### #.≈@≈≈≈≈≈≈≈ *≈ ,
#..# #.≈≈≈≈≈≈≈≈≈ * ≈
#..# #.≈≈≈≈≈≈≈≈≈ ##
#.†###≈≈†≈≈≈≈≈≈≈ ≈ ≈#
######.†#≈≈†≈≈≈≈≈≈≈≈≈ ≈
#≈≈≈≈≈≈≈≈≈†≈≈≈≈≈≈≈≈≈≈≈≈≈
#########..#≈≈≈≈≈≈≈≈≈≈≈≈
...≈≈# #..###≈≈≈≈≈≈≈≈≈≈
≈ ###≈≈# ##.##
#≈≈≈≈≈≈≈≈≈≈


You could see a malarious merfolk avatar and 3 drowned souls.

Vanquished Creatures
  A merfolk siren (Sewer)
  6 adders
  2 river rats (Sewer)
  4 worms
  4 leopard geckos
  12 bats
  6 giant cockroaches
  12 goblins
  4 hobgoblins
  2 jackals (D:1)
  4 ball pythons (Sewer)
  14 frilled lizards
  8 kobolds
  27 rats
106 creatures vanquished.

Notes
Turn   | Place    | Note
-------+----------+-------------------------------------------
     0 | D:1      | sanboga the Deep Dwarf Fighter began the quest for the Orb.
     0 | D:1      | Reached XP level 1. HP: 20/20 MP: 1/1
   135 | D:1      | Reached XP level 2. HP: 21/27 MP: 2/2
   759 | D:1      | Reached XP level 3. HP: 14/33 MP: 3/3
   983 | D:2      | Found a bloodstained altar of Trog.
   983 | D:2      | Found a sacrificial altar of Ru.
   984 | D:2      | Found an ancient bone altar of Kikubaaqudgha.
  1034 | D:2      | Found a shimmering blue altar of Sif Muna.
  1112 | D:2      | Found a sparkling altar of Nemelex Xobeh.
  1389 | D:2      | Reached XP level 4. HP: 38/42 MP: 4/4
  1663 | D:3      | Found a stormy altar of Qazlal.
  2317 | D:4      | Reached XP level 5. HP: 23/49 MP: 5/5
  2321 | D:4      | Found a glowing drain.
  2328 | Sewer    | Entered a sewer
  2599 | Sewer    | HP: 1/49 [drowned by a drowned soul[a malarious merfolk
                  | avatar] (2)]
  2608 | Sewer    | Drowned by a drowned soul

Levels and vault maps discovered:
D:1:      evilmike_arrival_sounds_zot, layout_basic
D:2:      layout_loops_ring, nicolae_overflow_quartered_altars, first_ration,
          nemelex_diamond_rough_becter
D:3:      layout_rooms, ebering_dispersal_statue_hall,
          nicolae_qazlal_general_emergency
D:4:      layout_loops_ring, nicolae_dithmenos_through_a_glass_darkly,
          gup_sewer_entry_bubbles, ebering_ghost_rock_garden,
          kennysheep_generic_room_8
Sewer:    sewer_sea

Skill      XL: |  1  2  3  4  5 |
---------------+----------------+-----
Axes           | 3 4 |  4.2
Fighting       | 3 |  3.3
Shields        | 4 |  4.7
Armour         | 4 |  4.1

Action                   |  1- 3 |  4- 6 || total
-------------------------+-------+-------++-------
Melee: War axe           |   141 |   180 ||   321
  Use: Scroll            |     4 |     1 ||     5
       Potion            |     4 |       ||     4
  Eat: Chunk             |     2 |     4 ||     6
Armor: Scale mail        |    70 |    99 ||   169
Dodge: Dodged            |    48 |    35 ||    83
Block: Shield            |    94 |    98 ||   192
